 Dungeon Crawl Stone Soup version 0.31.0-12-g77e489cdc1 (webtiles) character file.

Game seed: 14523678940253617410

212 Mortifus the Insei (level 5, -3/37 HPs)
             Began as a Demonspawn Shapeshifter on Jan 28, 2024.
             Slain by a sleepcap (5 damage)
             ... on level 4 of the Dungeon on Feb 11, 2024.
             The game lasted 00:10:53 (3023 turns).

Mortifus the Insei (Demonspawn Shapeshifter)        Turns: 3023, Time: 00:10:54

Health: -3/37      AC:  2    Str: 26    XL:     5   Next: 58%
Magic:  5/5        EV: 12    Int: 10    God:
Gold:   184        SH:  0    Dex: 17    Spells: 4/4 levels left

rFire   . .          .
                       - Unarmed
rCold   . . .        (no shield)
rNeg    . . .        a - +0 animal skin
rPois   .            (helmet currently unavailable)
rElec   .            (cloak currently unavailable)
rCorr   .            (gloves currently unavailable)
SInv    .            (boots currently unavailable)
Will    .....        (no amulet)
Stlth   +++          u - +6 ring of strength
HPRegen 0.26/turn    n - +6 ring of strength
MPRegen 0.09/turn

%: no passive effects
@: beast-form
A: beast (slay +1), thin skeletal structure 1, foul stench 2
a: Begin Untransformation


You were on level 4 of the Dungeon.
You were a hulking beast.
You visited 1 branch of the dungeon, and saw 4 of its levels.

You collected 184 gold pieces.

Inventory:

Missiles
 e - 9 poisoned darts (quivered)
Armour
 a - a +0 animal skin (worn)
Jewellery
 n - a +6 ring of strength (right hand)
 u - a +6 ring of strength (left hand)
Talismans
 c - a beast talisman
 d - a flux talisman
Wands
 s - a wand of charming (8)
Scrolls
 f - 3 scrolls of identify {unknown}
 i - 2 scrolls of fog {unknown}
 j - a scroll of amnesia {unknown}
 k - a scroll of teleportation {unknown}
 m - a scroll of vulnerability {unknown}
 q - 2 scrolls of enchant armour {unknown}
 r - a scroll of silence {unknown}
Potions
 b - a potion of lignification
 g - 2 potions of brilliance {unknown}
 l - 2 potions of resistance {unknown}
 o - 2 potions of ambrosia {unknown}
 p - a potion of might {unknown}
 t - a potion of heal wounds {unknown}


   Skills:
 - Level 1.0 Fighting
 - Level 1.7 Dodging
 + Level 5.8 Unarmed Combat
 - Level 2.6 Shapeshifting


You had 4 spell levels left.
You didn't know any spells.
Your spell library contained the following spells:

 Spells                   Type           Power      Damage    Failure   Level
 Apportation              Tloc           0%         N/A       36%         1
 Cigotuvi's Dreadful Rot  Necr/Alch/Air  0%         N/A       50%         2
 Jinxbite                 Hex            0%         N/A       50%         2
 Sublimation of Blood     Necr           0%         N/A       50%         2
 Ignite Poison            Fire/Alch      0%         N/A       98%         4
 Petrify                  Alch/Erth      0%         N/A       98%         4
 Alistair's Intoxication  Alch           0%         N/A       100%        5
 Freezing Cloud           Conj/Ice/Air   0%         6-21      100%        5
 Irradiate                Conj/Alch      0%         3d11      100%        5
 Iskenderun's Battlesphe  Conj           0%         2d6       100%        5
 Summon Forest            Summ/Tloc      0%         N/A       100%        5
 Bombard                  Conj/Erth      0%         9d1       100%        6
 Eringya's Noxious Bog    Alch           0%         4d6       100%        6
 Spellforged Servitor     Conj/Summ      0%         N/A       100%        7
 Summon Hydra             Summ           0%         N/A       100%        7


Dungeon Overview and Level Annotations

Branches:
Dungeon (4/15)
 Temple: D:4-7

Altars:
Qazlal

Shops:
D:3 (

Annotations:
D:2 1 runed translucent door, Crazy Yiuf, Terence


Innate Abilities, Weirdness & Mutations

You are a hulking beast.
Your limbs bulge with bestial killing power. (Slay +1)
You have a somewhat thin skeletal structure. (Dex +2, Stealth+)
You sometimes emit foul miasma when damaged in melee.


Message History

2 sleepcaps come into view.
The sleepcap releases spores at you.
You emit a cloud of foul miasma!
You punch the sleepcap! You punch the sleepcap.
The sleepcap is severely damaged.
The sleepcap is engulfed in dark miasma.
The sleepcap releases spores at you.
You hit the sleepcap.
You destroy the sleepcap!
The sleepcap barely misses you.
You punch the sleepcap!
The sleepcap is moderately damaged.
The sleepcap barely misses you.
You punch the sleepcap!
The sleepcap is severely damaged.
The sleepcap releases spores at you!
You hit the sleepcap but do no damage.
The sleepcap is severely damaged.
The sleepcap releases spores at you.
You are engulfed in a cloud of soporific spores!
You fall asleep.
The sleepcap releases spores at you!!
You wake up.
Ouch! That really hurt!
* * * LOW HITPOINT WARNING * * *
You are engulfed in a cloud of soporific spores!
You are unaffected.
You emit a cloud of foul miasma!
The sleepcap attacks as it pursues you! The sleepcap releases spores at you.
* * * LOW HITPOINT WARNING * * *
You are engulfed in a cloud of soporific spores!
You are unaffected.
The sleepcap is engulfed in dark miasma.
The sleepcap seems to slow down.
The sleepcap is no longer moving slowly.
You feel better.
The sleepcap releases spores at you but does no damage.
The sleepcap attacks as it pursues you! The sleepcap releases spores at you.
* * * LOW HITPOINT WARNING * * *
You are engulfed in a cloud of soporific spores!
You are unaffected.
The sleepcap attacks as it pursues you! The sleepcap releases spores at you.
You die...

.........## ♣♣♣..♣##
......#...# ♣♣......#
....#####†♣ ........#
...... ##.#♣♣♣...f..#
..##.###...#.♣♣♣ ♣.#
###.. #....##..♣♣♣♣f#
.#.#.##.............#
.........#..)..##f###
.........#.†.>..h.###
.....##....##.....#.##
...........#####.....#
......)...#.###..#..#
............##...####
#.................#
#...........#...#..#
...#......####......#
...#......# ##.#.###


You could see 2 sleepcaps.

Vanquished Creatures
  A hound (D:4)
  Ijyb (D:4)
  An iguana (D:4)
  A sleepcap (D:4)
  4 adders
  A ribbon worm (D:2)
  2 dart slugs
  4 orcs (D:3)
  5 endoplasms
  7 giant cockroaches
  6 goblins
  4 hobgoblins
  3 jackals (D:1)
  4 kobolds
  3 ball pythons
  5 bats
  2 frilled lizards
  5 rats
59 creatures vanquished.

Notes
Turn   | Place    | Note
-------+----------+-------------------------------------------
     0 | D:1      | Mortifus the Demonspawn Shapeshifter began the quest for
                  | the Orb.
     0 | D:1      | Reached XP level 1. HP: 15/15 MP: 1/1
    61 | D:1      | Found a faded altar of an unknown god.
   125 | D:1      | Reached skill level 3 in Unarmed Combat
   321 | D:1      | Gained mutation: You have a somewhat thin skeletal
                  | structure. (Dex +2, Stealth+) [demonic ancestry]
   321 | D:1      | Reached XP level 2. HP: 17/21 MP: 2/2
   753 | D:2      | Noticed Terence
   919 | D:2      | Gained mutation: You may rarely emit foul miasma when
                  | damaged in melee. [demonic ancestry]
   919 | D:2      | Reached XP level 3. HP: 25/26 MP: 3/3
  1184 | D:2      | Found a runed translucent door.
  1185 | D:2      | Noticed Crazy Yiuf
  1237 | D:2      | Reached skill level 4 in Unarmed Combat
  1943 | D:3      | Reached XP level 4. HP: 7/32 MP: 4/4
  2186 | D:3      | Found a stormy altar of Qazlal.
  2188 | D:3      | Noticed a fire elemental
  2351 | D:3      | Noticed a water elemental
  2351 | D:3      | Noticed an earth elemental
  2352 | D:3      | Noticed an air elemental
  2505 | D:3      | Found Saunir's Weapon Shoppe.
  2602 | D:3      | Upgraded the game from 0.31.0-9-g3a7656b989 to
                  | 0.31.0-12-g77e489cdc1
  2660 | D:4      | Reached skill level 5 in Unarmed Combat
  2732 | D:4      | Noticed Ijyb
  2780 | D:4      | Killed Ijyb
  2781 | D:4      | Gained mutation: You sometimes emit foul miasma when
                  | damaged in melee. [demonic ancestry]
  2781 | D:4      | Reached XP level 5. HP: 17/37 MP: 5/5
  3019 | D:4      | HP: 1/37 [sleepcap (3)]
  3023 | D:4      | Slain by a sleepcap

Illustrated notes

Levels and vault maps discovered:
D:1:      lightli_arrival_windingriver, layout_basic,
          shapermc_ecumenical_altar_starsandcircs
D:2:      layout_basic, uniq_crazy_yiuf_cottage, uniq_terence
D:3:      layout_loops_ring, nicolae_qazlal_style_of_elements, serial_shops,
          shop, corexii_corridor_pit
D:4:      gammafunk_steamed_eel, layout_cave_pools, minivault_25,
          hellmonk_no_cap, uniq_ijyb

Skill      XL: |  1  2  3  4 |
---------------+-------------+-----
Unarmed Combat | 3 4 5 |  5.8
Fighting       | |  1.0
Dodging        | |  1.7
Shapeshifting  | |  2.6

Action                     |  1- 3 |  4- 6 || total
---------------------------+-------+-------++-------
  Melee: Unarmed           |   115 |    69 ||   184
         Punch             |     1 |     4 ||     5
  Throw: Dart              |     5 |       ||     5
    Use: Potion            |       |     3 ||     3
   Stab: Sleeping          |     3 |     2 ||     5
 Armour: Animal skin       |    61 |    58 ||   119
  Dodge: Dodged            |    82 |    74 ||   156
